 Dungeon Crawl Stone Soup version 0.17-a0-1-g1f4be75 (webtiles) character file.

847 vatarom the Changer (level 7, 0/61 HPs)
             Began as a Purple Draconian Transmuter on Mar 8, 2015.
             Slain by an ice beast (6 damage)
             ... on level 7 of the Dungeon.
             The game lasted 00:11:29 (6500 turns).

vatarom the Changer (Purple Draconian Transmuter)   Turns: 6500, Time: 00:11:29

Health: 0/61       AC:  6    Str: 12    XL:     7   Next: 68%
Magic:  2/17       EV: 12    Int: 14    God:
Gold:   187        SH:  0    Dex: 13    Spells: 4 memorised, 4 levels left

rFire  . . .     SeeInvis .       - Unarmed
rCold  + . .     Clarity  .     (armour unavailable)
rNeg   . . .     SustAb   .     (no shield)
rPois  .         Gourm    .     (helmet restricted)
rElec  .         Spirit   .     (no cloak)
rCorr  .         Warding  .     (no gloves)
rMut   .         Stasis   .     (no boots)
MR     +....                    (no amulet)
Stlth  +.........               (no ring)
                                a - ring of protection from cold

@: very slightly contaminated, somewhat resistant to hostile enchantments, very
unstealthy
A: breathe power, unfitting armour, talons 1, cold-blooded, AC +6
a: Breathe Dispelling Energy


You were on level 7 of the Dungeon.
You were not hungry.

You visited 1 branch of the dungeon, and saw 7 of its levels.

You collected 187 gold pieces.

Inventory:

Missiles
 b - 119 arrows
 h - 18 arrows of dispersal
 k - 6 steel javelins (quivered)
 n - 5 javelins of returning
Jewellery
 a - a ring of protection from cold (left hand)
 l - an uncursed amulet of stasis {unknown}
Magical devices
 j - a wand of flame (26)
 m - a wand of slowing (23)
Scrolls
 c - a scroll of fear
 e - 8 scrolls of identify
Books
 d - a book of Changes

   Spells                             Type                      Level
   a - Beastly Appendage              Transmutation                1
   b - Sticks to Snakes               Transmutation                2
   c - Spider Form                    Transmutation/Poison         3
   d - Ice Form                       Ice/Transmutation            4
   e - Blade Hands                    Transmutation                5
Comestibles
 f - 3 meat rations
 g - 3 bread rations
 i - a beef jerky


   Skills:
 - Level 5.2 Fighting
 - Level 1.7 Dodging
 - Level 3.0 Unarmed Combat
 - Level 4.1 Spellcasting
 + Level 6.2 Transmutations
 - Level 2.4 Ice Magic


You had 4 spell levels left.
You knew the following spells:

 Your Spells              Type           Power        Failure   Level  Hunger
a - Beastly Appendage     Trmt           ###...       1%          1    None
b - Sticks to Snakes      Trmt           ###.......   2%          2    ##.....
c - Spider Form           Trmt/Pois      ##........   17%         3    ###....
d - Ice Form              Ice/Trmt       ###.....     38%         4    ####...


Dungeon Overview and Level Annotations

Branches:
Dungeon (7/15)
 Temple: D:4-7

Altars:
Fedhas
Nemelex Xobeh

Annotations:
D:5 McCoppin's ghost, average FeTm


Innate Abilities, Weirdness & Mutations

You can breathe bolts of energy.
You can dispel enchantments when you breathe energy.
Your rich purple scales are hard (AC +6).
Your body does not fit into most forms of armour.
Your cold-blooded metabolism reacts poorly to cold.
You have sharp toenails.


Message History

The ogre hits you with a giant club!!
Ouch! That really hurt!
The ice beast hits you. The ice beast freezes you. You resist.
* * * LOW HITPOINT WARNING * * *
The gnoll hits you from afar with a spear.
* * * LOW HITPOINT WARNING * * *
The phantom hits you.
* * * LOW HITPOINT WARNING * * *
The ice beast hits you.
* * * LOW HITPOINT WARNING * * *
The ice beast freezes you. You resist.
* * * LOW HITPOINT WARNING * * *
You climb downwards.
There is a stone staircase leading up here.
Unknown command.
The phantom hits you but does no damage.
The ice beast hits you.
* * * LOW HITPOINT WARNING * * *
The ice beast freezes you. You resist.
You die...

(###...รท...#
##......####.###
#....#######
#............# #.####
#.......##... #(#
#..#....# .# #)#
#..##.#.# # #.#####
#..##..... W.....#
#..##.#.### #.###.#
#######W......# #.#
#.#####.....@O....###
#.#
#..........##Y........
..#
#######.##.##########
### #.##... ..######
####


You could see a phantom, an ice beast and an ogre.

Vanquished Creatures
  A necrophage (D:7)
  A phantom (D:7)
  2 ogres
  A scorpion (D:4)
  A goliath beetle (D:6)
  A giant frog skeleton (D:4)
  A hound (D:4)
  2 jellies
  2 iguanas
  An orc wizard (D:4)
  A worker ant (D:6)
  The ghost of McCoppin the Ducker, a weakling FeMo (D:3)
  3 gnolls (D:3)
  4 adders
  3 worms
  10 orcs
  2 ball pythons
  10 bats
  6 giant cockroaches
  10 goblins
  9 hobgoblins
  8 jackals
  12 kobolds
  3 quokkas
  6 giant geckos
  3 giant newts (D:1)
  10 rats
114 creatures vanquished.

Notes
Turn   | Place    | Note
--------------------------------------------------------------
     0 | D:1      | vatarom, the Draconian Transmuter, began the quest for the Orb.
     0 | D:1      | Reached XP level 1. HP: 16/16 MP: 3/3
   567 | D:1      | Gained mutation: You have sharp toenails. [potion of beneficial mutation]
   594 | D:1      | Reached XP level 2. HP: 16/24 MP: 2/4
  1056 | D:1      | Learned a level 2 spell: Sticks to Snakes
  1101 | D:1      | Reached XP level 3. HP: 22/31 MP: 3/6
  1129 | D:1      | Learned a level 3 spell: Spider Form
  1967 | D:2      | Reached skill level 4 in Fighting
  2204 | D:2      | Reached XP level 4. HP: 40/40 MP: 7/7
  2718 | D:3      | Reached skill level 5 in Fighting
  2871 | D:3      | Noticed McCoppin's ghost (weakling FeMo)
  2884 | D:3      | Killed McCoppin's ghost
  2884 | D:3      | Reached XP level 5. HP: 30/48 MP: 5/9
  3752 | D:4      | Found a blossoming altar of Fedhas.
  4093 | D:4      | Found a sparkling altar of Nemelex Xobeh.
  4120 | D:4      | Reached XP level 6. HP: 40/56 MP: 9/11
  4576 | D:4      | Learned a level 4 spell: Ice Form
  4765 | D:4      | Noticed an ogre
  5110 | D:4      | Reached skill level 1 in Ice Magic
  5194 | D:4      | Killed an ogre
  5286 | D:5      | Entered Level 5 of the Dungeon
  5320 | D:5      | Noticed McCoppin's ghost (average FeTm)
  5326 | D:6      | HP: 2/56 [goliath beetle (27)]
  5337 | D:6      | Your scales start taking on a rich purple colour.
  5337 | D:6      | Reached XP level 7. HP: 4/61 MP: 15/17
  6086 | D:7      | Reached skill level 5 in Transmutations
  6179 | D:7      | Reached skill level 6 in Transmutations
  6500 | D:7      | Slain by an ice beast

Action                   |  1- 3 |  4- 6 |  7- 9 || total
-------------------------+-------+-------+-------++-------
Melee: Unarmed           |   174 |   264 |    66 ||   504
 Cast: Beastly Appendage |     9 |     9 |     3 ||    21
       Sticks to Snakes  |     2 |       |       ||     2
       Spider Form       |       |    12 |     3 ||    15
       Ice Form          |       |       |     1 ||     1
 Abil: Breathe Dispellin |       |       |     3 ||     3
Evoke: Wand              |       |     3 |     1 ||     4
  Use: Potion            |     4 |     4 |     1 ||     9
       Scroll            |     4 |     2 |       ||     6
 Stab: Sleeping          |       |     1 |     1 ||     2
  Eat: Bread ration      |     1 |       |       ||     1
       Meat ration       |       |     3 |       ||     3
       Chunk             |       |     1 |       ||     1
       Pizza             |       |     2 |       ||     2
